 Dungeon Crawl Stone Soup version 0.28.0-53-g5a82cb258f (webtiles) character file.

Game seed: 16607958920687472515

4086 Godmorgon the Basher (level 10, -8/93 HPs)
             Began as a Minotaur Fighter on Aug 14, 2022.
             Was an Elder of Okawaru.
             Mangled by a slime creature (13 damage)
             ... on level 6 of the Dungeon.
             The game lasted 00:24:56 (7684 turns).

Godmorgon the Basher (Minotaur Fighter)             Turns: 7684, Time: 00:24:58

Health: -8/93      AC:  8    Str: 24    XL:     10   Next: 5%
Magic:  9/9        EV: 11    Int:  5    God:    Okawaru [****..]
Gold:   433        SH:  5    Dex: 11    Spells: 9/9 levels left

rFire   + . .      SeeInvis +   a - +9 mace of Kindness {holy, *Slow rPois rF+ rC+}
rCold   + . .      Faith    .   c - +0 buckler
rNeg    . . .      Spirit   .   J - +0 swamp dragon scales
rPois   +          Reflect  .   (helmet restricted)
rElec   .          Harm     .   (no cloak)
rCorr   .          Rampage  .   (no gloves)
Will    +....                   (no boots)
Stlth   +.........              (no amulet)
HPRegen 0.25/turn               i - ring of see invisible
MPRegen 0.11/turn               G - ring of willpower

@: slowed, very slow
A: horns 2, retaliatory headbutt
a: Renounce Religion, Heroism, Finesse


You were on level 6 of the Dungeon.
You worshipped Okawaru.
Okawaru was greatly pleased with you.
You visited 2 branches of the dungeon, and saw 8 of its levels.
You also visited: Sewer.

You collected 433 gold pieces.

Inventory:

Hand Weapons
 a - the +9 mace of Kindness (weapon) {holy, *Slow rPois rF+ rC+}
   (You found it on level 5 of the Dungeon)

   It has been blessed by the Shining One to cause great damage to the undead
   and demons.
   rF:        It protects you from fire.
   rC:        It protects you from cold.
   rPois:     It protects you from poison.
   *Slow:     It may slow you when you take damage.
Missiles
 f - 6 boomerangs
 n - 26 poisoned darts
Armour
 c - a +0 buckler (worn)
 B - a +0 kite shield
 J - +0 swamp dragon scales (worn)
Jewellery
 i - a ring of see invisible (left hand)
 y - a ring of flight
 G - a ring of willpower (right hand)
Wands
 H - a wand of flame (18) (quivered)
 I - a wand of iceblast (6)
Scrolls
 d - 2 scrolls of identify {unknown}
 g - a scroll of enchant armour {unknown}
 k - 3 scrolls of silence {unknown}
 l - 2 scrolls of fog {unknown}
 m - 3 scrolls of noise {unknown}
 o - 2 scrolls of fear {unknown}
 p - a scroll of immolation {unknown}
 s - 3 scrolls of holy word
 t - a scroll of enchant weapon {unknown}
 u - 5 scrolls of teleportation
 C - a scroll of vulnerability {unknown}
Potions
 b - a potion of brilliance {unknown}
 e - a potion of berserk rage {unknown}
 h - 2 potions of resistance {unknown}
 j - 3 potions of invisibility {unknown}
 r - a potion of mutation {unknown}
 v - a potion of curing {unknown}
 w - a potion of cancellation {unknown}
 x - a potion of haste
 z - a potion of might
 D - a potion of magic {unknown}
 E - a potion of lignification {unknown}
 F - a potion of attraction {unknown}
Miscellaneous
 A - a lightning rod (4/4)


   Skills:
 + Level 10.0 Fighting
 * Level 13.2 Maces & Flails
 - Level 5.5 Armour
 - Level 3.4 Dodging
 - Level 5.0 Shields


You had 9 spell levels left.
You didn't know any spells.
Your spell library was empty.

Dungeon Overview and Level Annotations

Branches:
Dungeon (7/15)             Temple (1/1) D:4           Sewer (visited)

Altars:
Ashenzari
Cheibriados
Elyvilon
Fedhas
Gozag
Hepliaklqana
Kikubaaqudgha
Makhleb
Nemelex Xobeh
Okawaru
Qazlal
Ru
Trog
Uskayaw
Vehumet
Wu Jian
Xom
Yredelemnul
Zin
The Shining One


Innate Abilities, Weirdness & Mutations

You have a pair of horns on your head.
You reflexively headbutt those who attack you in melee.


Message History

You barely miss the slime creature. The slime creature barely misses you.
The slime creature closely misses you. You furiously retaliate!
You headbutt the slime creature. You sock the slime creature!
The slime creature is moderately wounded.
The slime creature closely misses you. You furiously retaliate!
You headbutt the slime creature, but do no damage.
The slime creature barely misses you.
The slime creature completely misses you.
You hit the slime creature.
The slime creature is moderately wounded.
The slime creature hits you! x2
* * * LOW HITPOINT WARNING * * *
You are too injured to fight recklessly!
You are too injured to fight recklessly!
You are too injured to fight recklessly!
You are too injured to fight recklessly!
You are too injured to fight recklessly!
You are too injured to fight recklessly!
You are too injured to fight recklessly!
You are too injured to fight recklessly!
You are too injured to fight recklessly!
You are too injured to fight recklessly!
You are too injured to fight recklessly!
You are too injured to fight recklessly!
You are too injured to fight recklessly!
You are too injured to fight recklessly!
You are too injured to fight recklessly!
You are too injured to fight recklessly!
You are too injured to fight recklessly!
You are too injured to fight recklessly!
You are too injured to fight recklessly!
You are too injured to fight recklessly!
You are too injured to fight recklessly!
You are too injured to fight recklessly!
The slime creature hits you!
* * * LOW HITPOINT WARNING * * *
The slime creature barely misses you. The slime creature hits you!
You die...

............##..(#.#####
#.#
............####'#.##
#.#
............#.......#
#)#
.....########.......#
#.## .....# #.......#
#... .....#
#.....>.##### ####
.....# ###.........#
###### #.JJ..(...#
#.@.......# #.........#
#.........# ####.######
#.# #.# #.#
#.##############
#...............


You could see 2 slime creatures.

Vanquished Creatures
  Maggie (D:7)
  A komodo dragon (D:5)
  4 slime creatures
  A wyvern (D:6)
  2 yaks (D:5)
  A steam dragon (D:5)
  Menkaure (D:7)
  Pargi (Sewer)
  A sky beast (D:6)
  4 ogres
  A necrophage (D:5)
  A centaur (D:7)
  A phantom (D:5)
  Blork the orc (D:5)
  2 kobold brigands
  2 gnoll sergeants
  A bullfrog (D:4)
  A scorpion (D:5)
  3 water moccasin skeletons (D:5)
  A bullfrog zombie (D:5)
  6 hounds
  2 orc priests
  2 centaur skeletons
  2 bullfrog skeletons (D:5)
  A gnoll shaman (D:4)
  3 iguanas
  3 adders
  16 gnolls
  An ufetubus (D:5)
  A worm (D:4)
  2 dart slugs
  23 orcs
  7 ball pythons
  7 endoplasms
  9 giant cockroaches
  14 goblins
  18 hobgoblins
  2 quokkas
  6 bats
  3 frilled lizards
  13 kobolds
  10 rats
182 creatures vanquished.

Vanquished Creatures (others)
  4 fungi (D:7)
4 creatures vanquished.

Grand Total: 186 creatures vanquished

Notes
Turn   | Place    | Note
-------+----------+-------------------------------------------
     0 | D:1      | Godmorgon the Minotaur Fighter began the quest for the Orb.
     0 | D:1      | Reached XP level 1. HP: 19/19 MP: 0/0
   271 | D:1      | Reached XP level 2. HP: 18/27 MP: 1/1
   426 | D:1      | Reached skill level 3 in Maces & Flails
   472 | D:1      | Found a faded altar of an unknown god.
   698 | D:1      | Reached skill level 1 in Dodging
   832 | D:2      | Reached XP level 3. HP: 20/33 MP: 2/2
  1302 | D:2      | Reached XP level 4. HP: 39/40 MP: 3/3
  1718 | D:2      | Reached skill level 4 in Maces & Flails
  1987 | D:3      | Reached XP level 5. HP: 46/46 MP: 4/4
  2123 | D:3      | Found a glowing drain.
  2153 | Sewer    | Entered a sewer
  2270 | Sewer    | Noticed Pargi
  2277 | Sewer    | Killed Pargi
  2278 | Sewer    | Reached skill level 5 in Maces & Flails
  2278 | Sewer    | Reached XP level 6. HP: 40/53 MP: 5/5
  2938 | D:4      | Reached skill level 5 in Armour
  3042 | D:4      | Reached skill level 5 in Fighting
  3152 | D:4      | Found a staircase to the Ecumenical Temple.
  3158 | Temple   | Entered the Ecumenical Temple
  3341 | Temple   | Became a worshipper of Warmaster Okawaru
  3630 | D:4      | Reached XP level 7. HP: 54/61 MP: 6/6
  3633 | D:4      | Reached skill level 5 in Shields
  3637 | D:4      | Reached skill level 6 in Maces & Flails
  4422 | D:5      | Entered Level 5 of the Dungeon
  4439 | D:5      | Noticed Blork the orc
  4455 | D:5      | Killed Blork the orc
  4556 | D:5      | Reached * piety under Okawaru
  4562 | D:5      | Reached skill level 7 in Maces & Flails
  4948 | D:5      | Reached XP level 8. HP: 64/70 MP: 4/7
  5108 | D:5      | Found a large runed translucent door.
  5109 | D:5      | Found a large runed translucent door.
  5132 | D:5      | Reached skill level 8 in Maces & Flails
  5271 | D:5      | Found a large runed translucent door.
  5271 | D:5      | Found a large runed translucent door.
  5634 | D:5      | Reached skill level 9 in Maces & Flails
  5639 | D:5      | Reached ** piety under Okawaru
  5656 | D:5      | Noticed a komodo dragon
  5660 | D:5      | Killed a komodo dragon
  5862 | D:5      | Reached skill level 10 in Maces & Flails
  5876 | D:5      | Reached XP level 9. HP: 24/81 MP: 8/8
  6167 | D:5      | Reached *** piety under Okawaru
  6168 | D:5      | Reached skill level 11 in Maces & Flails
  7130 | D:5      | Identified the +9 mace of Kindness {holy, *Slow rPois rF+
                  | rC+}
  7172 | D:7      | Noticed Menkaure
  7178 | D:7      | Killed Menkaure
  7178 | D:7      | Received a gift from Okawaru
  7188 | D:7      | Noticed Maggie
  7200 | D:6      | Reached skill level 12 in Maces & Flails
  7318 | D:7      | Killed Maggie
  7456 | D:6      | Reached **** piety under Okawaru
  7465 | D:6      | Reached skill level 13 in Maces & Flails
  7465 | D:6      | Reached XP level 10. HP: 57/93 MP: 9/9
  7616 | D:6      | Reached skill level 10 in Fighting
  7684 | D:6      | Mangled by a slime creature

Illustrated notes

Levels and vault maps discovered:
D:1:      erik_arrival_orb_chamber, layout_rooms,
          shapermc_ecumenical_altar_flowoftime, st_stairs_10
D:2:      layout_basic
D:3:      layout_loops_ring, portal_sewer_entry_a, guppyfry_early_orc_mine
D:4:      layout_basic, minmay_temple_entry_butterflies
D:5:      corexii_shack_village, layout_loops_ring,
          minmay_hollow_rounded_squares, uniq_blork_the_orc
D:6:      layout_basic, minmay_misc_feat_square, minmay_misc_feat_chi,
          chequers_serial_rivers_micro_b, kennysheep_generic_room_9
D:7:      minmay_the_grid_octo_2x2 [minmay_the_grid_octo_clover,
          minmay_the_grid_octo_empty, minmay_the_grid_octo_horde,
          minmay_the_grid_octo_prize_ultimate_mussel_roller], layout_layer_cave,
          grunt_ministairs_2, amcnicky_mini_corridor_feature,
          chequers_serial_rivers_room_a, chequers_serial_rivers_large_b,
          uniq_pikel, uniq_maggie, uniq_menkaure, uniq_crazy_yiuf_cottage
Temple:   mainiacjoe_temple_big_plus

Skill      XL: |  1  2  3  4  5  6  7  8  9 10 |
---------------+-------------------------------+-----
Maces & Flails | 3 4 5 7 10 13 | 13.2
Dodging        | 1 2 3 |  3.4
Fighting       | 4 5 6 8 9 10 | 10.0
Armour         | 4 5 |  5.5
Shields        | 4 5 |  5.0

Action                   |  1- 3 |  4- 6 |  7- 9 | 10-12 || total
-------------------------+-------+-------+-------+-------++-------
Melee: Flail             |    71 |   139 |   252 |       ||   462
       Headbutt          |     8 |    28 |    67 |       ||   103
       Mace              |       |       |    33 |     8 ||    41
Throw: Dart              |       |     2 |     5 |       ||     7
       Stone             |       |       |     1 |       ||     1
Invok: Heroism           |       |       |     7 |       ||     7
Evoke: Wand              |       |       |     6 |       ||     6
  Use: Potion            |       |     1 |       |       ||     1
       Scroll            |       |       |     2 |       ||     2
Armor: Scale mail        |    31 |    45 |       |       ||    76
       Chain mail        |       |     3 |   103 |       ||   106
       Swamp dragon scal |       |       |     2 |     1 ||     3
Dodge: Dodged            |    42 |    63 |    93 |     7 ||   205
Block: Buckler           |     9 |    23 |    67 |     3 ||   102
